 Dungeon Sprint DCSS version 0.17-a0-1133-gfb1399f (webtiles) character file.

4 esc the Insei (level 1, 0/13 HPs)
             Began as an Octopode Transmuter on May 25, 2015.
             Slain by a hound (4 damage)
             ... in the Dungeon (Sprint IX: "|||||||||||||||||||||||||||||").
             The game lasted 00:00:25 (148 turns).

esc the Insei (Octopode Transmuter)                  Turns: 148, Time: 00:00:25

Health: 0/13       AC:  1    Str:  9    XL:     1   Next: 60%
Magic:  1/3        EV: 12    Int: 15    God:
Gold:   0          SH:  0    Dex: 12    Spells: 1 memorised, 3 levels left

rFire  . . .     SeeInvis .       - Unarmed
rCold  . . .     Clarity  .     (no shield)
rNeg   . . .     SustAt   .     (helmet restricted)
rPois  .         Gourm    .     (no amulet)
rElec  .         Spirit   .     (no ring)
rCorr  .         Warding  .     (no ring)
rMut   .         NoTele   +     (no ring)
MR     .....                    (no ring)
Stlth  ++........               (no ring)
                                (no ring)
                                (no ring)
                                (no ring)

@: appendage, very slightly contaminated, not resistant to hostile enchantments,
unstealthy
A: almost no armour, amphibious, 8 rings, constrict 8, tentacle spike 3,
camouflage 1, gelatinous body 1
a: End Transformation


You were in the Dungeon.
You were not hungry.
One of your tentacles had a temporary spike.
You visited 1 branch

Inventory:

Missiles
 a - 12 arrows
Scrolls
 i - a scroll of blinking {!r}
Potions
 d - a potion of curing
 e - a potion of heal wounds
 f - a potion of haste
 g - 2 potions of magic
 h - a potion of berserk rage {!q}
Books
 b - a book of Changes
Comestibles
 c - a bread ration {@e1}
 j - a chunk of flesh {@w0}


   Skills:
 - Level 1.0 Fighting
 - Level 2.0 Dodging
 + Level 3.7 Unarmed Combat
 - Level 2.0 Spellcasting
 + Level 3.0 Transmutations


You had 3 spell levels left.
You knew the following spells:

 Your Spells              Type           Power        Failure   Level  Hunger
a - Beastly Appendage     Trmt           ##....       8%          1    #......


Dungeon Overview and Level Annotations

Branches:
Dungeon (1/1)

Altars:


Innate Abilities, Weirdness & Mutations

You cannot wear most types of armour.
You are amphibious.
You can wear up to eight rings at the same time.
You can use your tentacles to constrict eight enemies at once.
Your skin changes colour to match your surroundings (Stealth).
Your rubbery body absorbs attacks (AC +1).
One of your tentacles bears a large vicious spike.


Message History

Welcome, esc the Octopode Transmuter.
Found a staircase leading out of the dungeon.
One of your tentacles grows a vicious spike.
You now have 2/3 mp.
You open the door.
A bat, 3 rats and a kobold come into view.
The kobold shouts!
You tentacle-slap the rat.
You kill the rat!
The rat barely misses you.
There is an open door to the Dungeon, spattered with blood here.
You see here a rat corpse.
You barely miss the rat. You grab the rat.
You pierce the rat, but do no damage.
You constrict the rat, but do no damage.
You tentacle-slap the rat.
You kill the rat!
The bat closely misses you. The bat closely misses you. The bat hits you.
The bat hits you.
You take 2 damage, and have 11/13 hp.
You tentacle-slap the bat. Your grab misses the bat. The bat barely misses you.
The bat closely misses you.
You completely miss the bat. You grab the bat.
You pierce the bat.
You kill the bat!
Your transformation is almost over.
You tentacle-slap the kobold. Your grab misses the kobold.
Your tentacle spike misses the kobold.
The kobold hits you with a club.
You take 3 damage, and have 8/13 hp.
MASSIVE DAMAGE!!
You tentacle-slap the kobold.
You kill the kobold!
You closely miss the rat. You grab the rat. You constrict the rat.
The rat completely misses you.
You tentacle-slap the rat.
You kill the rat!
Your Transmutations skill increases to level 3!
MP restored: 3 You see here a club.
There is an open door to the Dungeon, spattered with blood here.
You see here a rat corpse.
Your tentacle spike disappears.
There is an open door to the Dungeon, spattered with blood here.
You see here a rat corpse.
You butcher the rat corpse.
j - a chunk of flesh {@w0}
There is an open door to the Dungeon, spattered with blood here.
You see here a club.
You start resting.
Health restored: 13 You open the door. 2 hounds, a jelly, a giant cockroach and a kobold come into view.
The jelly quivers.
You miscast Beastly Appendage.
You are very lightly contaminated with residual magic.
The air around you crackles with energy!
You now have 2/3 mp.
One of your tentacles grows a vicious spike.
You now have 1/3 mp.
There is an open door here.
The helpless hound fails to defend itself.
You tentacle-slap the hound but do no damage.
Your grab misses the hound.
You pierce the hound, but do no damage.
The hound barely misses you.
You tentacle-slap the hound but do no damage.
Your grab misses the hound.
The kobold shouts!
The hound bites you.
You take 5 damage, and have 8/13 hp.
MASSIVE DAMAGE!!
You closely miss the hound. Your grab misses the hound.
You pierce the hound, but do no damage.
You squeeze the hound, but do no damage.
The hound closely misses you. The hound misses you.
You closely miss the hound. Your grab misses the hound.
The hound closely misses you.
You barely miss the hound. You grab the hound.
You constrict the hound, but do no damage.
The hound bites you but does no damage. The hound bites you.
You take 4 damage, and have 4/13 hp.
MASSIVE DAMAGE!!
You tentacle-slap the hound but do no damage.
You pierce the hound, but do no damage.
Your squeeze misses the hound. You constrict the hound. The hound bites you.
You die... ▓▓▓▓▓▓▓▓▓▓▓▓▓▓▓▓▓▓▓ +JhsKh@...).'....<▓ ▓▓▓▓▓▓▓▓▓▓▓▓▓▓▓▓▓▓▓

You could see 2 hounds, a jelly, a giant cockroach and a kobold.

Vanquished Creatures
  A kobold (D)
  A bat (D)
  3 rats (D)
5 creatures vanquished.

Notes
Turn   | Place    | Note
--------------------------------------------------------------
     0 | D        | esc the Octopode Transmuter began the quest for the Orb.
     0 | D        | Reached XP level 1. HP: 13/13 MP: 3/3
    16 | D        | Reached skill level 3 in Transmutations
   139 | D        | Noticed a jelly
   139 | D        | Noticed a hound
   139 | D        | Noticed a hound
   148 | D        | Slain by a hound

Vault maps used:
D:        linesprint

Action                   || total
-------------------------++-------
Melee: Unarmed           ||    15
 Cast: Beastly Appendage ||     2
 Stab: Sleeping          ||     1

Vault maps used:
D:        linesprint

Table legend:
 A = Turns spent in this place as a percentage of turns spent in the entire game.
 B = Non-inter-level travel turns spent in this place as a percentage of non-inter-level travel turns spent in the entire game.
 C = Inter-level travel turns spent in this place as a percentage of turns spent in this place.
 D = Turns resting spent in this place as a percentage of non-inter-level travel turns spent in this place.
 E = Turns spent auto-exploring this place as a percentage of non-inter-level travel turns spent in this place.
 F = Non-inter-level travel turns spent in this place divided by the number of levels of this place that you've seen.
                   A       B       C       D       E      F
               +-------+-------+-------+-------+-------+----------------------
         Total | 100.0 | 100.0 |   0.0 |   5.1 |   0.0 |  39.0
       Dungeon | 100.0 | 100.0 |   0.0 |   5.1 |   0.0 |  39.0
               +-------+-------+-------+-------+-------+----------------------

Table legend:
 A = Kills in this place as a percentage of kills in entire the game.
 B = Kills by you in this place as a percentage of kills by you in the entire game.
 C = Kills by friends in this place as a percentage of kills by friends in the entire game.
 D = Other kills in this place as a percentage of other kills in the entire game.
 E = Experience gained in this place as a percentage of experience gained in the entire game.
 F = Experience gained in this place divided by the number of levels of this place that you have seen.
                   A       B       C       D       E      F
               +-------+-------+-------+-------+-------+----------------------
         Total | 100.0 | 100.0 |  -nan |  -nan | 100.0 |   6.0
       Dungeon | 100.0 | 100.0 |  -nan |  -nan | 100.0 |   6.0
               +-------+-------+-------+-------+-------+----------------------
